Map: King Sejong Station LE

Players

Nerchio - Winner!

  • Race: Zerg Zerg
  • League: Master

SortOf

  • Race: Zerg Zerg
  • League: Master

Event: DreamHack ZOWIE Open Valencia 2016

VOD

Have the link to the VOD?

Description

Time

  • Played on: July 16, 2016, 10:29 a.m.
  • Length: 11:17

All games in this series

Show
View Real Time Build Order
Export as new Build Order

Nerchio Zerg - Winner!

Build Orders: Hatch First 

Get SALT Encoding   

  12  0:00  Drone  
  13  0:12  Overlord  
  13  0:17  Drone  
  14  0:30  Drone x2  
  14  0:34  Drone  
  17  0:52  Hatchery  
  17  0:55  Drone  
  17  1:09  Spawning Pool  
  16  1:12  Drone  
  16  1:15  Extractor  
  16  1:17  Drone  
  17  1:21  Drone  
  18  1:28  Drone  
  19  1:38  Overlord  
  19  1:56  Queen  
  19  1:57  Zergling x2  
  19  2:00  Zergling x2  
  23  2:03  Queen  
  25  2:10  Drone x2  
  28  2:15  Drone  
  28  2:19  Metabolic Boost  
  28  2:21  Drone  
  29  2:26  Drone  
  30  2:38  Hatchery  
  30  2:42  Zergling x2  
  30  2:45  Drone  
  31  2:51  Drone  
  31  2:53  Baneling Nest  
  31  2:55  Drone  
  33  2:58  Drone  
  33  3:02  Overlord  
  33  3:06  Drone  
  33  3:08  Drone  
  33  3:11  Drone  
  34  3:13  Zergling x2  
  34  3:16  Zergling x2  
  36  3:20  Overlord  
  36  3:24  Zergling x4  
  38  3:27  Zergling x2  
  38  3:29  Zergling x2  
  40  3:36  Baneling x2  
  40  3:39  Zergling x4  
  42  3:42  Zergling x2  
  42  3:47  Drone x4  
  45  3:49  Baneling x2  
  45  3:56  Drone  
  45  3:57  Drone  
  45  3:59  Roach Warren  
  45  4:00  Drone  
  45  4:02  Extractor, Drone  
  47  4:04  Drone  
  47  4:06  Drone  
  49  4:10  Overlord  
  49  4:14  Overlord  
  47  4:38  Lair  
  47  4:39  Roach x6  
  47  4:40  Roach, Drone  
  47  4:41  Drone  
  47  4:43  Drone  
  47  4:45  Drone  
  65  4:55  Extractor, Drone x3  
  65  4:59  Overlord x2  
  67  5:02  Queen  
  69  5:09  Drone  
  70  5:14  Overlord, Evolution Chamber  
  70  5:18  Drone x2  
  70  5:20  Roach x3  
  77  5:23  Roach  
  77  5:24  Roach  
  77  5:27  Roach  
  83  5:29  Overlord  
  83  5:32  Overlord  
  83  5:37  Glial Reconstitution  
  83  5:44  Drone x5  
  83  5:47  Drone x2  
  89  5:52  Roach x2  
  92  6:02  Roach  
  93  6:04  Zerg Missile Weapons Level 1  
  93  6:06  Drone x7  
  93  6:09  Extractor  
  97  6:11  Extractor, Drone  
  97  6:15  Drone x2  
  97  6:16  Drone, Evolution Chamber  
  97  6:17  Drone x2  
  100  6:21  Ravager x4  
  100  6:22  Overlord  
  104  6:27  Drone  
  106  6:32  Drone  
  106  6:33  Drone  
  106  6:39  Roach x3  
  113  6:41  Overlord  
  113  6:46  Drone x3  
  114  6:52  Extractor, Drone x3  
  115  6:54  Zerg Ground Armor Level 1  
  115  6:56  Roach x3  
  115  6:57  Overlord  
  115  6:58  Overlord  
  115  6:59  Overseer  
  121  7:08  Drone  
  122  7:16  Roach x8  
  122  7:18  Roach  
  140  7:23  Roach  
  140  7:24  Roach x2  
  140  7:25  Overlord  
  146  7:32  Spore Crawler  
  146  7:35  Tunneling Claws  
  145  7:37  Hydralisk Den  
  145  7:38  Burrow, Drone  
  145  7:39  Drone  
  145  7:40  Spore Crawler  
  145  7:41  Overlord  
  145  7:43  Spore Crawler  
  145  7:44  Spore Crawler  
  143  7:52  Overlord x2  
  143  7:58  Overlord  
  143  7:59  Zerg Missile Weapons Level 2  
  143  8:07  Muscular Augments, Hydralisk  
  143  8:09  Hydralisk x3  
  143  8:10  Hydralisk  
  153  8:17  Hydralisk x2  
  157  8:20  Hydralisk  
  157  8:22  Roach  
  157  8:23  Roach  
  157  8:25  Roach  
  165  8:28  Overlord x2  
  165  8:29  Overlord  
  165  8:35  Overlord  
  165  8:41  Drone x5  
  160  8:42  Drone x4  
  157  8:49  Roach x2  
  157  8:52  Roach  
  156  8:57  Hydralisk x2  
  158  9:04  Roach  
  158  9:06  Roach  
  158  9:07  Queen x2  
  166  9:11  Roach  
  166  9:15  Roach  
  166  9:20  Roach x2  
  166  9:24  Queen  
  168  9:25  Hydralisk  
  168  9:28  Hydralisk  
  168  9:30  Hydralisk  
  176  9:36  Hydralisk, Infestation Pit  
  177  9:41  Hydralisk x3  
  177  9:42  Queen  
  185  9:47  Spore Crawler  
  184  9:54  Hydralisk x3  
  184  9:58  Hydralisk x2  
  194  10:03  Hydralisk x2  
  194  10:05  Overlord  
  194  10:17  Overlord  
  194  10:18  Hatchery  
  193  10:23  Overlord x2  
  193  10:26  Extractor  
  193  10:27  Hydralisk x2  
  191  10:50  Roach x4  
Show
View Real Time Build Order
Export as new Build Order

SortOf Zerg 

Build Orders: Hatch First, Muta Ling Bane 

Get SALT Encoding   

  12  0:00  Drone  
  13  0:13  Overlord  
  13  0:17  Drone  
  14  0:31  Drone  
  14  0:32  Drone  
  14  0:35  Drone  
  17  0:53  Hatchery  
  17  0:55  Drone  
  17  0:58  Drone  
  18  1:06  Extractor  
  17  1:14  Spawning Pool  
  17  1:16  Drone  
  17  1:19  Drone  
  18  1:31  Drone  
  19  1:39  Overlord  
  19  1:51  Drone  
  20  2:01  Drone  
  20  2:03  Queen  
  20  2:04  Queen  
  20  2:06  Metabolic Boost  
  26  2:08  Zergling x2  
  26  2:12  Drone  
  27  2:17  Drone  
  28  2:24  Drone  
  28  2:28  Zergling x2  
  30  2:33  Zergling x2  
  31  2:38  Hatchery  
  31  2:41  Zergling x2  
  31  2:44  Zergling x2  
  32  2:51  Overlord  
  32  3:06  Drone x2  
  32  3:10  Roach Warren, Drone x2  
  32  3:13  Drone x2  
  32  3:14  Drone  
  32  3:15  Zergling x2  
  32  3:18  Zergling x4  
  38  3:25  Overlord  
  38  3:26  Drone  
  39  3:34  Queen  
  39  3:36  Drone  
  39  3:37  Drone  
  42  3:50  Roach  
  42  3:51  Roach x3  
  50  3:56  Roach x2  
  50  4:00  Overlord  
  50  4:01  Drone  
  55  4:03  Extractor  
  55  4:04  Evolution Chamber  
  55  4:06  Drone  
  55  4:08  Drone  
  55  4:11  Drone  
  55  4:14  Drone  
  57  4:19  Overlord  
  57  4:21  Drone x2  
  59  4:27  Drone x2  
  59  4:28  Zergling x4  
  59  4:29  Zergling x2  
  64  4:38  Lair  
  63  4:40  Extractor  
  63  4:41  Drone x2  
  63  4:42  Overlord  
  64  4:48  Roach x2  
  64  4:51  Drone  
  64  4:52  Drone x2  
  71  4:55  Drone x2  
  71  4:59  Drone  
  74  5:06  Zerg Missile Weapons Level 1  
  73  5:07  Drone  
  73  5:10  Roach, Overlord  
  73  5:12  Overlord  
  76  5:14  Drone x2  
  76  5:19  Extractor  
  77  5:21  Overlord  
  77  5:22  Drone x3  
  80  5:29  Roach x3  
  80  5:32  Drone  
  80  5:33  Roach  
  89  5:36  Overseer  
  89  5:38  Glial Reconstitution  
  89  5:43  Drone x3  
  89  5:44  Roach  
  93  5:54  Roach  
  93  5:55  Roach x2  
  99  6:04  Drone x2  
  97  6:07  Drone x6  
  97  6:09  Roach  
  105  6:12  Overlord  
  105  6:13  Spire  
  105  6:14  Roach, Extractor  
  105  6:20  Overlord  
  105  6:21  Drone  
  105  6:22  Overlord  
  105  6:23  Extractor  
  105  6:26  Overlord x2  
  105  6:28  Drone  
  105  6:32  Overseer  
  106  6:38  Roach x5  
  116  6:43  Roach x2  
  116  6:46  Roach x2  
  125  6:47  Roach  
  125  6:53  Ravager  
  126  6:54  Ravager  
  126  6:55  Overlord  
  126  6:57  Roach  
  126  6:58  Roach, Overlord  
  126  6:59  Overlord  
  130  7:02  Roach  
  130  7:03  Roach  
  130  7:07  Overlord  
  134  7:09  Overlord  
  134  7:19  Drone  
  134  7:20  Drone x2  
  134  7:21  Drone x2  
  139  7:24  Mutalisk x4  
  147  7:33  Roach  
  147  7:34  Roach x4  
  157  7:38  Mutalisk  
  159  7:50  Mutalisk  
  161  8:03  Mutalisk x2  
  161  8:04  Mutalisk  
  167  8:06  Overlord, Hatchery  
  166  8:21  Zerg Flyer Weapons Level 1, Mutalisk x2  
  170  8:28  Overlord  
  170  8:37  Baneling Nest  
  163  8:49  Mutalisk x4  
  163  8:52  Overlord  
  157  8:58  Overseer x2  
  157  8:59  Hatchery  
  154  9:04  Zergling x28  
  154  9:08  Spine Crawler  
  154  9:09  Spine Crawler  
  166  9:11  Spine Crawler  
  166  9:16  Roach x5  
  160  9:26  Extractor  
  160  9:28  Roach x9  
  160  9:30  Extractor  
  174  9:31  Centrifical Hooks  
  174  9:45  Drone x2  
  174  9:46  Drone x4  
  178  9:53  Roach x8  
  190  10:04  Zergling x2  
  190  10:05  Zergling x12  
  189  10:12  Zergling x8  
  191  10:15  Overlord  
  191  10:23  Zergling x14  
  191  10:27  Baneling x2  
  191  10:28  Baneling x12  
  198  10:30  Overseer  
  198  10:32  Spine Crawler  
  198  10:34  Drone  
  198  10:41  Baneling x9  
  196  10:49  Roach x4  
  192  10:54  Roach  

Tags
 
Add a new tag
Caveats
  • Supply blocks, unpowered buildings, or Contaminate may cause inaccurate times.
  • Supply counts are checked every 10 seconds.